 Dungeon Crawl Stone Soup version 0.30-a0-840-ga523dec638 (webtiles) character file.

Game seed: 9231871377997521252

2797 SkeletonJelly the Slicer (level 10, -4/53 HPs)
             Began as a Kobold Brigand on Mar 2, 2023.
             Was an Initiate of Dithmenos.
             Slain by a freezing wraith (9 damage)
             ... on level 7 of the Dungeon.
             The game lasted 00:16:36 (8021 turns).

SkeletonJelly the Slicer (Kobold Brigand)           Turns: 8021, Time: 00:16:37

Health: -4/53      AC:  7    Str:  9    XL:     10   Next: 2%
Magic:  25/25      EV: 19    Int: 13    God:    Dithmenos [......]
Gold:   311        SH:  4    Dex: 20    Spells: 9/9 levels left

rFire   . . .      SeeInvis .    a - +2 dagger
rCold   . . .      Faith    +    (no shield)
rNeg    . . .      Spirit   .    b - +1 robe
rPois   .          Reflect  .    (helmet restricted)
rElec   .          Harm     .    c - +2 cloak {Will+}
rCorr   +          Rampage  .    (no gloves)
Will    ++...                    (no boots)
Stlth   ++++++                   r
                                   - Hermit's Pendant {Faith Invo=14 Evo=0 MP+5}
HPRegen 0.28/turn                x - ring of resist corrosion
MPRegen 0.19/turn                I - +5 ring of evasion

@: slowed, very slow
A: small, no large weapons, nightstalker 3, horns 1, large bone plates 1,
strong-willed 1, shaggy fur 1
a: Renounce Religion


You were on level 7 of the Dungeon.
You worshipped Dithmenos.
Dithmenos was noncommittal.
You visited 2 branches of the dungeon, and saw 8 of its levels.

You collected 347 gold pieces.
You spent 36 gold pieces at shops.

Inventory:

Hand Weapons
 a - a +2 dagger (weapon)
 o - a +0 flail of protection
 s - a +0 short sword of protection
 w - a +0 rapier
Missiles
 d - 21 poisoned darts (quivered)
 e - 3 curare-tipped darts
 p - a throwing net
 B - 4 atropa-tipped darts
Armour
 b - a +1 robe (worn)
 c - a +2 cloak of willpower (worn)
 j - a scarf of repulsion
 y - a +0 helmet
 z - a +0 pair of gloves
Jewellery
 n - an amulet of faith
 r - the Hermit's Pendant (around neck) {Faith Invo=14 Evo=0 MP+5}
   (You found it on level 3 of the Dungeon)

   [amulet of faith]

   Invo=14: It sets your Invocations skill to 14.
   Evo=0: It sets your Evocations skill to 0.
   It allows you to gain divine favour quickly.
   MP:        It affects your magic capacity (+5).
 x - a ring of resist corrosion (left hand)
 A - a ring of protection from cold
 C - a ring of flight
 E - a ring of positive energy
 G - a ring of protection from cold
 I - a +5 ring of evasion (right hand)
Wands
 l - a wand of polymorph (7)
 v - a wand of flame (23)
 H - a wand of light (2)
Scrolls
 f - 5 scrolls of teleportation
 g - a scroll of enchant weapon
 k - 4 scrolls of identify
Potions
 h - a potion of flight
 i - 3 potions of brilliance
 m - 2 potions of curing
 t - 4 potions of magic
 u - a potion of degeneration


   Skills:
 - Level 2.1 Fighting
 * Level 13.9 Short Blades
 - Level 2.1 Throwing
 - Level 1.2 Dodging
 + Level 11.9 Stealth


You had 9 spell levels left.
You didn't know any spells.
Your spell library contained the following spells:

 Spells                   Type           Power      Damage    Failure   Level
 Beastly Appendage        Tmut           0%         N/A       30%         1
 Magic Dart               Conj           0%         1d3       30%         1
 Call Imp                 Summ           0%         N/A       43%         2
 Static Discharge         Conj/Air       0%         2-2/arc   43%         2
 Wereblood                Tmut           0%         N/A       43%         2
 Mephitic Cloud           Conj/Pois/Air  0%         N/A       67%         3
 Spider Form              Tmut/Pois      0%         N/A       67%         3
 Vhi's Electric Charge    Tloc/Air       0%         N/A       67%         3
 Summon Ice Beast         Ice/Summ       0%         N/A       97%         4
 Arcjolt                  Conj/Air       0%         1d10      100%        5
 Lightning Bolt           Conj/Air       0%         1d11      100%        5
 Summon Mana Viper        Hex/Summ       0%         N/A       100%        5
 Monstrous Menagerie      Summ           0%         N/A       100%        7


Dungeon Overview and Level Annotations

Branches:
Dungeon (7/15)             Temple (1/1) D:7

Altars:
Ashenzari
Cheibriados
Dithmenos
Elyvilon
Hepliaklqana
Kikubaaqudgha
Makhleb
Nemelex Xobeh
Okawaru
Qazlal
Ru
Trog
Uskayaw
Vehumet
Wu Jian
Xom
Yredelemnul
The Shining One

Shops:
D:3 (   D:5 ?


Innate Abilities, Weirdness & Mutations

You are small and have problems with some larger weapons.
You are completely attuned to the shadows.
You have a pair of small horns on your head.
You are partially covered in large bone plates. (SH +4)
You are strong-willed. (Will+)
You are covered in fur. (AC +1)


Message History

The freezing wraith is almost destroyed.
The freezing wraith closely misses you. The freezing wraith misses you.
You closely miss the freezing wraith.
You headbutt the freezing wraith, but do no damage.
The freezing wraith is almost destroyed.
You catch the helpless freezing wraith completely off-guard!
You spit the freezing wraith like a pig!!!
You destroy the freezing wraith!
Dithmenos accepts your kill. The white imp gestures at you.
The puff of frost misses you.
You have reached level 10!
You feel clever.
Health restored: 53; MP restored: 25 The white imp misses you.
You closely miss the white imp.
You headbutt the white imp, but do no damage.
You hit the white imp but do no damage. You headbutt the white imp.
You punch the white imp.
The white imp is lightly wounded.
The white imp barely misses you.
You hit the white imp. Your headbutt misses the white imp.
The white imp is severely wounded.
You hit the white imp.
You kill the white imp!
Dithmenos accepts your kill.
You completely miss the freezing wraith.
You barely miss the freezing wraith.
You headbutt the freezing wraith, but do no damage.
You block the freezing wraith's attack. The freezing wraith hits you!
You take 10 damage, and have 43/53 hp.
You hit the freezing wraith but do no damage.
You hit the freezing wraith. You headbutt the freezing wraith.
The freezing wraith is lightly damaged.
The freezing wraith closely misses you. The freezing wraith hits you!
The freezing wraith drains your vigour!
You feel yourself slow down.
You take 11 damage, and have 32/53 hp.
MASSIVE DAMAGE!!
You hit the freezing wraith but do no damage.
You headbutt the freezing wraith.
The freezing wraith is lightly damaged.
An ice devil comes into view.
You barely miss the freezing wraith.
The freezing wraith is lightly damaged.
The freezing wraith completely misses you.
The freezing wraith hits you but does no damage.
You hit the freezing wraith but do no damage.
Your headbutt misses the freezing wraith.
The freezing wraith is lightly damaged.
You block the freezing wraith's attack. The freezing wraith misses you.
A white imp comes into view.
You closely miss the freezing wraith.
The freezing wraith is lightly damaged.
The freezing wraith hits you! The freezing wraith freezes you!
* * * LOW HITPOINT WARNING * * *
The freezing wraith hits you.
* * * LOW HITPOINT WARNING * * *
You are too injured to fight recklessly!
You take 27 damage, and have 6/53 hp.
MASSIVE DAMAGE!!
You are too injured to fight recklessly!
You are too injured to fight recklessly!
The freezing wraith attacks as you move away!
The freezing wraith misses you. x2
It was a potion of heal wounds.
You feel much better. The freezing wraith hits you.
The freezing wraith freezes you!!
* * * LOW HITPOINT WARNING * * *
The freezing wraith closely misses you. The freezing wraith barely misses you.
The freezing wraith completely misses you.
You regained 2 hp, and now have 9/53 hp.
Aiming: Bolt of Light
Press: ? - help, Shift-Dir - straight line, f - freezing wraith
Aim: a freezing wraith (lightly damaged, 71% to hit)
The bolt of light misses the freezing wraith.
The bolt of light hits the ice devil.
The ice devil is lightly wounded.
The ice devil is blinded.
You feel yourself speed up. The freezing wraith barely misses you.
The freezing wraith closely misses you.
Aiming: Bolt of Light
Press: ? - help, Shift-Dir - straight line, f/p - freezing wraith
Aim: a freezing wraith (lightly damaged, 71% to hit)
The bolt of light hits the freezing wraith!
The freezing wraith is moderately damaged.
The freezing wraith is blinded.
You hear a shout!
The freezing wraith closely misses you. The freezing wraith hits you.
* * * LOW HITPOINT WARNING * * *
The freezing wraith drains your vigour!
You feel yourself slow down.
You take 6 damage, and have 4/53 hp.
You hit the freezing wraith but do no damage.
You headbutt the freezing wraith, but do no damage.
The freezing wraith is moderately damaged.
The freezing wraith closely misses you. You block the freezing wraith's attack.
You hit the freezing wraith but do no damage.
The freezing wraith is moderately damaged.
The freezing wraith completely misses you.
The freezing wraith misses you.
You hit the freezing wraith but do no damage.
The freezing wraith is moderately damaged.
You block the freezing wraith's attack. The freezing wraith hits you!
You die...

########....5..(.###
#.....##...#~~#..
#.###.5'...~##). #.#
#..'..#~# ~..
#.###..'..~## ..
#......'..~#
###4####..#~~ #W#
#..... #@# ....
#####.# ###
#.....###<#
#.#####...# #.#
#.### #.# #.#
##.#####.###
#.#.....)..#
##.#####)###


You could see an ice devil (blind) and a freezing wraith (blind).

Vanquished Creatures
  A freezing wraith (D:7)
  Sigmund (D:6)
  Eustachio (D:6)
  Duvessa (D:6)
  A sky beast (D:7)
  An ogre (D:5)
  2 centaurs
  2 kobold brigands (D:7)
  4 bullfrogs
  4 scorpions
  3 wights (D:7)
  Dowan (D:6)
  4 killer bees (D:7)
  A howler monkey (D:7)
  A jelly (D:6)
  A hound (D:5)
  Crazy Yiuf (D:6)
  An orc priest (D:7)
  Jessica (D:2)
  Natasha (D:2)
  5 iguanas
  9 orc wizards
  Terence (D:2)
  Robin (D:2)
  9 adders
  4 white imps (D:7)
  An ufetubus (D:5)
  2 worms (D:4)
  A dart slug (D:2)
  15 orcs
  8 endoplasms
  12 goblins
  17 hobgoblins
  3 quokkas
  9 ball pythons
  5 bats
  3 frilled lizards
  11 kobolds
  7 rats
156 creatures vanquished.

Notes
Turn   | Place    | Note
-------+----------+-------------------------------------------
     0 | D:1      | SkeletonJelly the Kobold Brigand began the quest for the
                  | Orb.
     0 | D:1      | Reached XP level 1. HP: 12/12 MP: 1/1
   100 | D:1      | Reached skill level 3 in Short Blades
   193 | D:1      | Reached XP level 2. HP: 17/17 MP: 2/2
   454 | D:1      | Reached XP level 3. HP: 21/21 MP: 3/3
   490 | D:1      | Reached skill level 4 in Short Blades
   934 | D:2      | Noticed Robin
   966 | D:2      | Reached XP level 4. HP: 25/26 MP: 4/4
  1139 | D:2      | Noticed Natasha
  1145 | D:2      | Killed Natasha
  1146 | D:2      | Reached skill level 5 in Short Blades
  1164 | D:2      | Reached XP level 5. HP: 22/30 MP: 5/5
  1202 | D:2      | Noticed Terence
  1206 | D:2      | Killed Terence
  1515 | D:2      | Noticed Jessica
  1519 | D:2      | Killed Jessica
  1520 | D:2      | Reached skill level 6 in Short Blades
  1690 | D:2      | You fall into a shaft and drop 1 floor!
  1715 | D:3      | Reached XP level 6. HP: 35/35 MP: 6/6
  1757 | D:3      | Found a faded altar of an unknown god.
  1757 | D:3      | Found the Hermit's Pendant {Faith Invo=14 Evo=0 MP+5}
  1774 | D:3      | Reached skill level 7 in Short Blades
  2009 | D:3      | Found a broken altar of Ashenzari.
  2081 | D:3      | Found Lidomig's Weapon Emporium.
  2639 | D:2      | Killed Robin
  3173 | D:3      | Bought 4 atropa-tipped darts for 36 gold pieces
  3199 | D:4      | Reached XP level 7. HP: 40/40 MP: 7/7
  3730 | D:4      | Reached skill level 8 in Short Blades
  4148 | D:4      | Noticed a water moccasin
  4384 | D:5      | Entered Level 5 of the Dungeon
  4429 | D:5      | Found Neptol's Magic Scroll Shop.
  4500 | D:5      | Found an ornate altar of the Wu Jian Council.
  5161 | D:5      | Reached skill level 9 in Short Blades
  5219 | D:5      | Found a glowing golden altar of the Shining One.
  5231 | D:5      | Reached XP level 8. HP: 44/44 MP: 8/8
  5489 | D:5      | Found a sacrificial altar of Ru.
  5658 | D:6      | Noticed Duvessa
  5660 | D:6      | Noticed Dowan
  5668 | D:6      | Gained mutation: You are partially covered in large bone
                  | plates. (SH +4) [potion of mutation]
  5668 | D:6      | Gained mutation: You are covered in fur. (AC +1) [potion of
                  | mutation]
  5668 | D:6      | Gained mutation: You are strong-willed. (Will+) [potion of
                  | mutation]
  5668 | D:6      | Gained mutation: You have a pair of small horns on your
                  | head. [potion of mutation]
  5880 | D:6      | Reached skill level 10 in Short Blades
  6257 | D:6      | Found a runed translucent door.
  6260 | D:6      | Noticed Crazy Yiuf
  6274 | D:6      | Killed Duvessa
  6284 | D:6      | Noticed Sigmund
  6286 | D:6      | Killed Sigmund
  6287 | D:6      | Reached skill level 11 in Short Blades
  6297 | D:6      | Reached skill level 10 in Stealth
  6297 | D:6      | Reached XP level 9. HP: 48/48 MP: 9/9
  6390 | D:6      | Noticed Eustachio
  6394 | D:6      | Killed Eustachio
  6493 | D:6      | Killed Dowan
  6494 | D:6      | Reached skill level 12 in Short Blades
  6571 | D:6      | Found a hazy altar of Hepliaklqana.
  6767 | D:6      | Killed Crazy Yiuf
  6935 | D:7      | Found a staircase to the Ecumenical Temple.
  7154 | Temple   | Entered the Ecumenical Temple
  7157 | Temple   | Found a transporter.
  7157 | Temple   | Found a transporter.
  7159 | Temple   | Found a transporter.
  7159 | Temple   | Found a transporter.
  7215 | Temple   | Became a worshipper of Dithmenos the Shadowed
  7307 | D:7      | Reached skill level 13 in Short Blades
  7355 | D:7      | Found an ancient bone altar of Kikubaaqudgha.
  7402 | D:7      | Found a burning altar of Makhleb.
  7942 | D:7      | Found the +8 frozen axe "Frostbite" {freeze, freezing
                  | cloud, *Noise Fly rC+}
  7994 | D:7      | Noticed a freezing wraith
  7997 | D:7      | Noticed a freezing wraith
  8000 | D:7      | Killed a freezing wraith
  8001 | D:7      | Reached XP level 10. HP: 53/53 MP: 20/20
  8010 | D:7      | Noticed an ice devil
  8021 | D:7      | Slain by a freezing wraith

Illustrated notes

Levels and vault maps discovered:
D:1:      dpeg_arrival_simpleton_a, layout_loops_ring
D:2:      layout_loops_ring, uniq_jessica, uniq_terence, uniq_robin,
          uniq_natasha
D:3:      layout_basic, cheibrodos_ashenzari_chains, serial_shops,
          nicolae_shop_advertising_works [nicolae_subvault_shop_adworks],
          serial_rivers, chequers_serial_rivers_room_a,
          chequers_serial_rivers_micro_a, chequers_serial_rivers_micro_a,
          chequers_serial_rivers_small_b, minmay_misc_feat_room,
          hellmonk_guarded_unrand_hermit
D:4:      layout_cave_pods
D:5:      layout_loops_ring, mainiacjoe_overflow_cross_hatched,
          grunt_temple_overflow_open, serial_shops, nicolae_shop_hallway_stairs,
          minmay_a_box_with_orc_wizards_in_it
D:6:      layout_loops_cross, worldfamousw_hep_ancestral_shrine, uniq_sigmund,
          uniq_duvessa, uniq_crazy_yiuf_cottage, uniq_eustachio
D:7:      layout_loops_ring, mainiacjoe_overflow_large_starburst,
          minmay_temple_entry_wispy, hellmonk_guarded_unrand_frostbite
Temple:   hellmonk_temple_divided_pantheon

Skill      XL: |  1  2  3  4  5  6  7  8  9 |
---------------+----------------------------+-----
Short Blades   | 3 4 5 6 7 9 11 13 | 13.9
Stealth        | 6 7 8 10 11 | 11.9
Fighting       | |  2.1
Throwing       | |  2.1
Dodging        | |  1.2

Action                     |  1- 3 |  4- 6 |  7- 9 | 10-12 || total
---------------------------+-------+-------+-------+-------++-------
  Melee: Dagger            |    77 |   138 |   335 |    15 ||   565
         Punch             |     2 |       |     4 |     1 ||     7
         Headbutt          |       |       |    39 |     6 ||    45
  Throw: Dart              |       |     2 |    25 |       ||    27
  Evoke: Wand              |       |       |     4 |     2 ||     6
    Use: Potion            |       |       |    11 |     1 ||    12
         Scroll            |       |       |     8 |       ||     8
   Stab: Sleeping          |    20 |    14 |    23 |       ||    57
         Invisible         |       |       |     8 |       ||     8
         Distracted        |       |       |     3 |       ||     3
 Armour: Robe              |    11 |    17 |    43 |     1 ||    72
  Dodge: Dodged            |    39 |    61 |   172 |    16 ||   288
  Block: Other             |       |       |    20 |     4 ||    24

Table legend: (Time is in decaauts)
 A = Elapsed time spent in this place.
 B = Non-inter-level travel time spent in this place.
 C = Inter-level travel time spent in this place.
 D = Time resting spent in this place.
 E = Time spent auto-exploring this place.
 F = Levels seen in this place.
 G = Mean time per level.
                   A        B        C        D        E       F      G
               +--------+--------+--------+--------+--------+-----+--------+
         Total |   7798 |   7467 |    331 |     39 |   6258 |   8 |  974.8 |
       Dungeon |   7716 |   7408 |    308 |     39 |   6226 |   7 | 1102.3 |
        Temple |     81 |     58 |     23 |      0 |     32 |   1 |   81.0 |
               +--------+--------+--------+--------+--------+-----+--------+

Top non-repeatable levels by time:
     D:3: 1296 daAuts
     D:5: 1261 daAuts
     D:4: 1173 daAuts
     D:6: 1131 daAuts
     D:7: 1016 daAuts
     D:2: 995 daAuts
     D:1: 839 daAuts
  Temple: 81 daAuts
